 Dungeon Crawl Stone Soup version 0.28-a0-834-g1a73be5ee4 (webtiles) character file.

Game seed: 6385626190555184151

7 spiderkeys the Skirmisher (level 2, -5/19 HPs)
             Began as a Tengu Abyssal Knight on Nov 11, 2021.
             Was a Follower of Lugonu.
             Slain by a large abomination (11 damage)
             ... on level 1 of the Abyss.
             The game lasted 00:00:54 (218 turns).

spiderkeys the Skirmisher (Tengu Abyssal Knight)     Turns: 218, Time: 00:00:54

Health: -5/19      AC:  3    Str: 13    XL:     2   Next: 0%
Magic:  4/4        EV: 11    Int: 10    God:    Lugonu [*.....]
Gold:   0          SH:  0    Dex: 14    Spells: 1/1 levels left

rFire   . . .      SeeInvis .   a - +1 spear
rCold   . . .      Faith    .   (no shield)
rNeg    . . .      Spirit   .   b - +0 leather armour
rPois   .          Reflect  .   (helmet restricted)
rElec   .          Harm     .   (no cloak)
rCorr   .          Rampage  .   (no gloves)
Will    .....                   (boots unavailable)
Stlth   +.........              (no amulet)
HPRegen 0.06/turn               (no ring)
MPRegen 0.09/turn               (no ring)

@: no status effects
A: beak, talons 3
a: Renounce Religion, Depart the Abyss


You were on level 1 of the Abyss.
You worshipped Lugonu.
Lugonu was aware of your devotion.
You visited 0 branches of the dungeon, and saw 0 of its levels.
You visited the Abyss 1 time.


Innate Abilities, Weirdness & Mutations

You have a beak for a mouth.
You have claws for feet.


   Skills:
 + Level 3.1 Fighting
 + Level 2.3 Polearms
 - Level 2.3 Armour
 + Level 1.3 Dodging
 + Level 1.7 Invocations


You had one spell level left.
You didn't know any spells.
Your spell library was empty.

Inventory:

Hand Weapons
 a - a +1 spear (weapon)
Armour
 b - a +0 leather armour (worn)

Dungeon Overview and Level Annotations

Branches:
Dungeon (0/15)

Altars:

#..# ### ..## ##.#
#(... #### #..##.
..# #..# #.###..
### #..# ##.# .. #.
###.###..#.##.....#
#.#X...#... .####
##@...##. ..##.## .
##.#...#..#..... #
###..#..###.##.
##.#$..###...##
######## . . ..# #
#..# #. ### #.# #.
##.#....# . #. . ..
# .#


You could see a large abomination.


Message History

🤖 Initializing magus.rc ... ✅ Successfully initialized magus.rc [v1.9.10] Welcome, spiderkeys the Tengu Abyssal Knight.
It is said that the Orb of Zot exists deep within this dungeon.
Lugonu says: Depart the Abyss and spread corruption, my servant! (use the ability menu to exit the Abyss) Press ? for a list of commands and other information.
Found a corrupted altar of Lugonu.
You are suddenly pulled into a different region of the Abyss!
c - a scroll labelled OSMIPAQIPN Unknown command.
A tentacled starspawn comes into view.
The white imp shouts, "Give up, thou unhinged spur-galled buzzard-bait!"
You barely miss the white imp.
You claw the white imp, but do no damage.
You peck the white imp. The white imp misses you.
You hit the white imp but do no damage. The white imp closely misses you.
You hit the white imp. Your kick misses the white imp. The white imp hits you.
The white imp freezes you. 😮 HP[-5]
You take 5 damage, and now have 9/14 hp.
MASSIVE DAMAGE!! (PAUSE)
You hit the white imp. You peck the white imp.
You kill the white imp!
You have reached level 2! 😮 HP[+3] MP[+1]
You now have 19 max hp (+5).
You regained 3 hp, and now have 12/19 hp.
Your mp is fully restored (4). 😮 HP[+1] 😮 HP[+1] 😕 HP[+1]
A large abomination comes into view. 😕 HP[+1]
The large abomination hits you!
Ouch! That really hurt!
* * * LOW HITPOINT WARNING * * *
You see here 13 arrows. 😨 HP[-11]
You take 11 damage, and now have 5/19 hp.
MASSIVE DAMAGE!! (PAUSE)
Okay, then.
Unknown command.
As you read the scroll labelled OSMIPAQIPN, it crumbles to dust.
You assume a fearsome visage.
The large abomination is unaffected.
It was a scroll of fear.
The large abomination closely misses you.
Unknown command.
Unknown command.
You hit the large abomination but do no damage.
You peck the large abomination, but do no damage. 😨 HP[+1] Unknown command.
The large abomination barely misses you.
The large abomination hits you!
Ouch! That really hurt!
You die...

Action                   || total
-------------------------++-------
Melee: Spear             ||     5
       Peck              ||     3
       Kick              ||     1
  Use: Scroll            ||     1
Dodge: Dodged            ||     4

Levels and vault maps discovered:
Abyss:1:  base: Temple, base:
Temple

Notes
Turn   | Place    | Note
-------+----------+-------------------------------------------
     0 | Abyss:1  | spiderkeys the Tengu Abyssal Knight began the quest for the
                  | Orb.
     0 | Abyss:1  | Reached XP level 1. HP: 14/14 MP: 3/3
     0 | Abyss:1  | magus.rc [v1.9.10]
    97 | Abyss:1  | Noticed a tentacled starspawn
   128 | Abyss:1  | Reached XP level 2. HP: 12/19 MP: 4/4
   177 | Abyss:1  | Noticed a large abomination
   218 | Abyss:1  | Slain by a large abomination

Vanquished Creatures
  A white imp (Abyss:1)
1 creature vanquished.

Table legend:
 A = Non-vault XP
 B = Vault XP
 C = Vault XP percentage of total XP
 D = Non-vault monster count
 E = Vault monster count
 F = Vault count percentage of total count
                 A         B        C        D         E       F
            +---------+---------+-------+---------+---------+-------
      Total |      10 |       0 |   0.0 |       1 |       0 |   0.0
            +---------+---------+-------+---------+---------+-------
    Abyss:1 |      10 |       0 |   0.0 |       1 |       0 |   0.0
            +---------+---------+-------+---------+---------+-------

Illustrated notes

Table legend:
 A = Kills in this place as a percentage of kills in entire the game.
 B = Kills by you in this place as a percentage of kills by you in the entire game.
 C = Kills by friends in this place as a percentage of kills by friends in the entire game.
 D = Other kills in this place as a percentage of other kills in the entire game.
 E = Experience gained in this place as a percentage of experience gained in the entire game.
 F = Experience gained in this place divided by the number of levels of this place that you have seen.
                   A       B       C       D       E      F
               +-------+-------+-------+-------+-------+----------------------
         Total | 100.0 | 100.0 |   N/A |   N/A | 100.0 |  10.0
         Abyss | 100.0 | 100.0 |   N/A |   N/A | 100.0 |  10.0
               +-------+-------+-------+-------+-------+----------------------

Table legend: (Time is in decaauts)
 A = Elapsed time spent in this place.
 B = Non-inter-level travel time spent in this place.
 C = Inter-level travel time spent in this place.
 D = Time resting spent in this place.
 E = Time spent auto-exploring this place.
 F = Levels seen in this place.
 G = Mean time per level.
                   A        B        C        D        E       F      G
               +--------+--------+--------+--------+--------+-----+--------+
         Total |    218 |    218 |      0 |      0 |     95 |   1 |  218.0 |
         Abyss |    218 |    218 |      0 |      0 |     95 |   1 |  218.0 |
               +--------+--------+--------+--------+--------+-----+--------+

Top non-repeatable levels by time:
 Abyss:1: 218 daAuts
